Khor, chaotic female orcish Barbarian ------------------------- ------------------------- |.......................| |...............?.......| |......}}........!......| |.......................| ---------.....}}}}}}....}}}.....---------......}}}.......G......--------- |}}}}}........}}}}}.}}}}..}}}}}.........p..}}}}...}}}........}}}..}}}}}}| |}}}}}}}........}}}}..(......}}}}}....).}}}.........}}}}}}.}}}..}}}}}}}}| |}}}....}}}...}}}.....}.}}....}}}}}}..}}...}.........O...}}}........}}}}| ......}}}.......}}}}.}........}}}. ....}}}........?}}}......... -[...!.......}}...}}....- -..!..}}....}}}}........- |......%.}@}}.../..}}...| |.............).........| ---------...g.)[}}}..^P.....}...---------.......................--------- |}}}}g......g...}^...........}..u}}......A%d......}}...............}}}}}| |}}........g....w}...c........}}}}}}}.B.AAo.}}}.P}}}}............}}}}}}}| |}}}....}}.g}g.~..}.....B.....}.}.n.%}}}..[}...}}....}.....}}}.}}....}}}| |}}}}}}}..}}~}~.gg}g....}..}}}..........}}}..........}}}}}}..}}%.....}}}| ---------g..~~}}}}.....}.}}.....---------F............}}}}......--------- |.g%.g}gg..g......).....| |.......................| |..>.......g........(...| |.......................| ------------------------- ------------------------- Khor the Brigand Experience level: 10 Strength: 25 Dexterity: 15 Constitution: 18 Intelligence: 7 Wisdom: 8 Charisma: 6 Health: 0(85) Energy: 20(20) AC: 10 Gold: 123 Moves: 9007 Your Inventory: Coins $ - 123 gold pieces Weapons w - the uncursed rustproof +0 Cleaver (weapon in hands) Armor B - an [uncursed] thoroughly rusty +0 pair of iron shoes (being worn) P - an uncursed thoroughly rusty +0 pair of gauntlets of power (being worn) Comestibles d - 9 uncursed food rations f - 2 uncursed tripe rations i - an uncursed tin [of homunculus meat] j - 3 uncursed [stale] eggs u - an [uncursed] tin [of jaguar meat] N - 3 uncursed lizard corpses Wands e - an uncursed wand of striking [0:7] g - an uncursed wand of secret door detection [0:11] s - an [uncursed] wand of cold [0:6] C - an uncursed wand of magic missile [0:7] G - an uncursed wand of cold [0:1] H - a blessed wand called vanishes [long of teleportation (0:4)] O - an uncursed wand of magic missile [0:3] Tools b - an uncursed sack k - an uncursed key [skeleton key] l - an uncursed [magic] lamp called magic (lit) p - an uncursed [+0] pick-axe Contents of the sack: 1573 gold pieces an [uncursed] scroll labeled HZLRC KSTSBD MPFNG [of create monster] a [blessed] scroll labeled VE FORBRYDERNE [of identify] an [uncursed] emerald potion [of object detection] a [cursed] pink potion [of see invisible] a [cursed] potion of speed Spells known in the end: Name Level Category Fail Memory Your skills at the end: Fighting Skills bare handed combat [Basic / Master] body armor [Basic / Skilled] Weapon Skills axe [Expert / Expert] short sword [Basic / Expert] Spellcasting Skills Final Attributes: You were piously aligned. Hunger level was 1035. Your alignment was 54 / 55. Monster difficulty range was 2 - 11. Level difficulty was 12. You were immune to poison. You had infravision. You were fast. Your luck was zero. You are dead. Vanquished creatures: 2 disenchanters a ghost 2 giant mimics a doppelganger a giant mummy a black naga a small mimic a warhorse an ettin mummy a wood golem 2 pyrolisks a large dog a shocking sphere 2 large cats a dwarf king 2 tengu an energy vortex a stone giant a wraith 2 ettin zombies a Grey-elf 2 giant beetles a quivering blob a panther a leprechaun an iron piercer 5 giant spiders a scorpion 2 vampire bats 2 dwarf mummies 5 brown puddings 4 rust monsters a gold golem 3 lizards a chickatrice 2 dogs 2 dingos a housecat a dust vortex 2 ravens a plains centaur 2 gnome mummies 6 human zombies 2 rope golems 2 Woodland-elves 5 soldier ants 2 bugbears a quasit a water nymph 2 mountain nymphs an Uruk-hai 2 rock piercers a rock mole 3 fog clouds a yellow light 2 violet fungi 8 gnome lords 3 gnomish wizards 3 red naga hatchlings 2 black naga hatchlings a barrow wight 4 elf zombies a wax golem 2 baby crocodiles 4 giant ants a little dog 3 floating eyes 2 kittens 7 dwarves a homunculus a kobold lord 3 kobold shamans 2 hill orcs 3 rothes a rabid rat 4 centipedes 3 giant bats 2 orc zombies 2 werejackals 3 muggers 3 iguanas an acid blob 3 coyotes a hobbit 13 manes 2 large kobolds 2 hobgoblins 2 giant rats 4 cave spiders a brown mold a yellow mold 28 gnomes 18 garter snakes 2 geckos 5 jackals 2 foxes 2 kobolds a goblin 6 sewer rats 9 grid bugs 6 bats 3 lichens 3 kobold zombies 7 newts 290 creatures vanquished. Voluntary challenges: You used a wielded weapon 332 times. You read items or engraved 1 time. You put on armor 7 times. You never genocided any monsters. You never polymorphed an object. You never changed form. You used no wishes. You never wrote Elbereth's name. You encountered 1 bones level. You never used any Sokoban shortcuts. Dungeon overview: The Dungeons of Doom: levels 1 to 12 Level 1 a long staircase Level 2 a potion shop Level 3 some fountains Level 4 a potion shop, a sink stairs to The Gnomish Mines Level 5 some altars Level 7 many fountains Level 8 some fountains stairs to Sokoban Level 9 a fountain Level 10 stairs to Town Level 12 <- You were here The Gnomish Mines: levels 5 to 7 Level 5 stairs to The Dungeons of Doom Level 7 many shops, a temple to Set, a magic chest, some fountains Sokoban: levels 5 to 7 Level 7 a magic chest stairs to The Dungeons of Doom Town: levels 7 to 9 Level 7 many shops, some fountains, a sink Level 8 some fountains, many trees Level 9 stairs to The Dungeons of Doom History has recorded: On T:1 you entered the Dungeons of Doom to retrieve the Amulet of Yendor! On T:120 you reached level 2 of The Dungeons of Doom. On T:403 you advanced to experience level 2. On T:580 you advanced to experience level 3. On T:743 you reached level 3 of The Dungeons of Doom. On T:827 you advanced to experience level 4. On T:1278 you reached level 4 of The Dungeons of Doom. On T:1726 you advanced to experience level 5. On T:1759 you reached level 1 of The Gnomish Mines. On T:1900 you advanced to experience level 6. On T:2303 you reached level 2 of The Gnomish Mines. On T:2318 you advanced to experience level 7. On T:2821 you reached level 3 of The Gnomish Mines. On T:2840 you advanced to experience level 8. On T:3261 you received Cleaver from Set. On T:3359 you reached level 5 of The Dungeons of Doom. On T:3865 you reached level 6 of The Dungeons of Doom. On T:4063 you reached level 7 of The Dungeons of Doom. On T:4095 you advanced to experience level 9. On T:4323 you reached level 8 of The Dungeons of Doom. On T:4658 you reached level 9 of The Dungeons of Doom. On T:4734 you reached level 3 of Sokoban. On T:5564 you reached level 2 of Sokoban. On T:5845 you reached level 1 of Sokoban. On T:6788 you advanced to experience level 10. On T:7099 you reached level 10 of The Dungeons of Doom. On T:7366 you reached level 3 of Town. On T:7437 you reached level 2 of Town. On T:7488 you reached level 1 of Town. On T:8205 you reached level 11 of The Dungeons of Doom. On T:8227 you reached level 12 of The Dungeons of Doom. Latest messages: Hello Khor, the orcish Barbarian, welcome back to DynaHack! Use the #invoke command to break wands. Raising your wand called vanishes [long] high above your head, you break it in two! The couatl is caught in the magical blast! (2x) The warhorse is caught in the magical blast! You kill the warhorse! The large dog is caught in the magical blast! You are caught in the magical blast! You die... Final status: Goodbye Khor the Barbarian... You died in The Dungeons of Doom on dungeon level 12 with 2549 points, and 1696 pieces of gold, after 9007 moves. You were level 10 with a maximum of 85 hit points when you died.